cohdb
Replays
Latest Replays
All Replays
Popular Replays
Top Player Replays
Match Explorer
How It Works
Community
CoH3 Stats
Reddit
Sign in to upload your games and track your stats! →
Sign in with Steam
Match 44691115
Unlisted
Match 44691115
Overview
Messages
Build Orders
End
Selects Italian Combined Arms Battlegroup
Selects Bersaglieri Squad
Bersaglieri Squad
Kradschützen Motorcycle Team
Panzergrenadier Squad
Construct Light Support Kompanie
Panzerjäger Squad
Fire Support Elements
le.IG 18 Mechanized Group
Selects Semovente da 75/18 Assault Gun
le.IG 18 Support Gun Team
Construct Mechanized Kompanie
254 Reconnaissance Tractor
2.5-tonne Medical Truck
Dita
Chris P. Bacon
Lonewolf42
not step back
TriggerConroy
76561199424230967
joy0407
matrix4x4
0
0
Comments
sign in to comment!
No comments posted yet!